 Dungeon Crawl Stone Soup version 0.31-a0-691-g409c26aa35 (webtiles) character file.

Game seed: 249070475663115293

12 Xavori the Cutter (level 2, 0/21 HPs)
             Began as an Octopode Chaos Knight on Sept 7, 2023.
             Was a Plaything of Xom.
             Slain by a giant cockroach (1 damage)
             ... on level 1 of the Dungeon.
             The game lasted 00:00:13 (383 turns).

Xavori the Cutter (Octopode Chaos Knight)            Turns: 383, Time: 00:00:15

Health: 0/21       AC:  1    Str: 11    XL:     2   Next: 33%
Magic:  2/2        EV: 13    Int: 14    God:    Xom [..*...]
Gold:   65         SH:  0    Dex: 11    Spells: 1/1 levels left

rFire   . . .        a - +0 short sword (chaos)
rCold   . . .        (no shield)
rNeg    . . .        (helmet restricted)
rPois   .            (no amulet)
rElec   .            (no ring)
rCorr   .            (no ring)
SInv    .            (no ring)
Will    .....        (no ring)
Stlth   ++           (no ring)
HPRegen 0.23/turn    (no ring)
MPRegen 0.08/turn    (no ring)
                     (no ring)

%: no passive effects
@: no status effects
A: almost no armour, amphibious, 8 rings, camouflage 1, gelatinous body 1,
(nimble swimmer 1), tentacles
a: Renounce Religion


You were on level 1 of the Dungeon.
You worshipped Xom.
You were a toy of Xom.
You visited 1 branch of the dungeon, and saw 1 of its levels.

You collected 65 gold pieces.

Inventory:

Hand Weapons
 a - a +0 short sword of chaos (weapon)
Scrolls
 b - a scroll of butterflies
 d - a scroll of identify {unknown}
 e - a scroll of fear {unknown}
 f - a scroll of poison {unknown}
Potions
 c - 2 potions of berserk rage {unknown}


   Skills:
 + Level 3.2 Fighting
 + Level 3.3 Short Blades
 + Level 2.5 Dodging
 + Level 0.2 Stealth


You had one spell level left.
You didn't know any spells.
Your spell library was empty.

Dungeon Overview and Level Annotations

Branches:
Dungeon (1/15)

Altars:


Innate Abilities, Weirdness & Mutations

You cannot wear most types of armour.
You are amphibious.
You can wear up to eight rings at the same time.
Your skin changes colour to match your surroundings (Stealth+).
Your rubbery body absorbs attacks. (AC +1, EV +1)
((You are camouflaged when in or above water. (Stealth+)))
You have tentacles for arms and can constrict up to eight enemies at once.


Message History

The giant cockroach bites your hobgoblin zombie.
Your hobgoblin zombie hits the giant cockroach but does no damage.
The jackal bites you.
You closely miss the jackal. Your grab misses the jackal. The jackal bites you.
The jackal misses you.
The giant cockroach bites your hobgoblin zombie.
The jackal bites you. The jackal completely misses you.
The jackal barely misses you.
Your hobgoblin zombie hits the giant cockroach.
You are too injured to fight recklessly!
Unknown command.
The giant cockroach bites your hobgoblin zombie.
The jackal attacks as it pursues you! The jackal barely misses you.
The giant cockroach bites your hobgoblin zombie.
Your hobgoblin zombie is destroyed!
The jackal attacks as it pursues you! The jackal barely misses you.
You are too injured to fight recklessly!
The jackal closely misses you.
You are too injured to fight recklessly!
You closely miss the jackal. You grab the jackal. You constrict the jackal.
The jackal bites you but does no damage.
The giant cockroach bites you.
You are too injured to fight recklessly!
You hit the jackal but do no damage.
The jackal is moderately wounded.
You constrict the jackal. The jackal bites you. The giant cockroach bites you.
* * * LOW HITPOINT WARNING * * *
You hit the jackal.
You kill the jackal!
The giant cockroach bites you.
* * * LOW HITPOINT WARNING * * *
You are too injured to fight recklessly!
You hit the jackal but do no damage. You grab the jackal.
Your squeeze misses the jackal.
You constrict the jackal, but do no damage.
The jackal bites you.
* * * LOW HITPOINT WARNING * * *
The jackal misses you. The giant cockroach bites you.
You die...
Xom yawns loudly!

##P~♣##.##.####.####PPP#
##~P~....# #.....###.
#~~~PP...# .#
##.######## #~≈~~....#
.# #.#........
#~~~~.†..##.#
##.######## ♣~~...##.#
#.# # ♣P♣##h##.# #.# #
#h##.# ##.# #
#@##^###~P♣♣♣##
#B....#P~~~~~~♣
#.#.#.~~~~~~~♣♣
#.#...P~P~P~~~~~
#.#.............
#.#...♣~PP~~~~~~
#.#.###♣~~~~~P~~ #.#.#
#♣~~P~~♣~ #.... ♣♣♣~~#


You could see 2 jackals and a giant cockroach.

Vanquished Creatures
  An endoplasm (D:1)
  A giant cockroach (D:1)
  A goblin (D:1)
  3 hobgoblins (D:1)
  2 jackals (D:1)
  A quokka (D:1)
9 creatures vanquished.

Vanquished Creatures (others)
  A hobgoblin zombie (D:1)
1 creature vanquished.

Grand Total: 10 creatures vanquished

Notes
Turn   | Place    | Note
-------+----------+-------------------------------------------
     0 | D:1      | Xavori the Octopode Chaos Knight began the quest for the
                  | Orb.
     0 | D:1      | Reached XP level 1. HP: 16/16 MP: 1/1
   164 | D:1      | XOM: silly message
   279 | D:1      | Found a faded altar of an unknown god.
   291 | D:1      | Reached XP level 2. HP: 21/21 MP: 2/2
   383 | D:1      | HP: 1/21 [jackal (3)]
   383 | D:1      | Slain by a giant cockroach

Illustrated notes

Levels and vault maps discovered:
D:1:      minmay_arrival_cross, layout_loops_ring, serial_bayou,
          serial_bayou_pond_a, serial_bayou_lagoon_b, serial_bayou_shore_b,
          serial_bayou_pond_e, shapermc_ecumenical_altar_gd

Action                     || total
---------------------------++-------
  Melee: Short sword       ||    19
         Constrict         ||     6
         Tentacles         ||     3
   Stab: Sleeping          ||     4
 Armour: Skin              ||    17
  Dodge: Dodged            ||    16

Table legend: (Time is in decaauts)
 A = Elapsed time spent in this place.
 B = Non-inter-level travel time spent in this place.
 C = Inter-level travel time spent in this place.
 D = Time resting spent in this place.
 E = Time spent auto-exploring this place.
 F = Levels seen in this place.
 G = Mean time per level.
                   A        B        C        D        E       F      G
               +--------+--------+--------+--------+--------+-----+--------+
         Total |    380 |    380 |      0 |      0 |    321 |   1 |  380.0 |
       Dungeon |    380 |    380 |      0 |      0 |    321 |   1 |  380.0 |
               +--------+--------+--------+--------+--------+-----+--------+

Top non-repeatable levels by time:
     D:1: 380 daAuts
